 Dungeon Crawl Stone Soup version 0.28-a0-1567-g1695149f81 (webtiles) character file.

Game seed: 16951284046563524457

1715084 murtidash the Executioner (level 27, 244/244 (246) HPs)
             Began as a Hill Orc Delver on Jan 19, 2022.
             Was the Champion of Qazlal.
             Escaped with the Orb
             ... and 3 runes!
             The game lasted 03:26:02 (66720 turns).

murtidash the Executioner (Hill Orc Delver)        Turns: 66720, Time: 03:26:03

HP:   244/244 (246) AC: 42    Str: 27    XL:     27
MP:   28/32         EV: 21    Int:  3    God:    Qazlal [******]
Gold: 2339          SH:  8    Dex: 20    Spells: 19/39 levels left

rFire   + + .      SeeInvis +   a - +9 executioner's axe (flame)
rCold   . . .      Faith    .   (shield currently unavailable)
rNeg    + + .      Spirit   .   S - +2 crystal plate armour
rPois   .          Reflect  .   (helmet restricted)
rElec   +          Harm     .   D - +1 cloak of Starlight {*Dazzle EV+4 Stlth--}
rCorr   .          Rampage  +   h - +3 pair of gloves of Hangman {Contam rElec Regen+ SInv}
Will    +++++                   T - +2 pair of boots {rampage}
Stlth   ..........              G - amulet of regeneration {+regen, !d}
HPRegen 2.10/turn               d - ring "Awuosecu" {rN+ Will++ Int-3 Dex+8 Slay+4}
MPRegen 0.23/turn               F - ring "Ofilodgh" {rElec rF++ rN+ Stlth-}

@: studying 2 skills, lightly drained, repel missiles
A: antennae 1, iridescent scales 1, clumsy 1, dopey 2, low mp 1, strong-willed
1, screaming 2, inability to read while threatened
0: Orb of Zot
}: 3/15 runes: decaying, silver, gossamer
a: Renounce Religion, Upheaval, Elemental Force, Disaster Area


You escaped.
You worshipped Qazlal.
Qazlal was exalted by your worship.
You visited 12 branches of the dungeon, and saw 53 of its levels.
You visited 1 bazaar.
You also visited: Gauntlet, Ice Cave and Wizlab.

You collected 11516 gold pieces.
You spent 9177 gold pieces at shops.

Inventory:

Hand Weapons
 a - a +9 executioner's axe of flaming (weapon)
   (You subdued it on level 2 of the Elven Halls)
 b - a +5 vampiric battleaxe
   (You acquired it on level 7 of the Dungeon)
Missiles
 p - 4 throwing nets {=f!f}
 v - 4 silver javelins
Armour
 h - the +3 pair of gloves of Hangman (worn) {Contam rElec Regen+ SInv}
   (You acquired it on level 15 of the Dungeon)

   rElec:     It insulates you from electricity.
   SInv:      It lets you see invisible.
   Contam:    It causes magical contamination when unequipped.
   Regen:     It increases your rate of health regeneration.
 l - +0 gold dragon scales
   (You found it on level 5 of the Vaults)
 B - a +2 helmet of see invisible
   (You found it in a Gauntlet)
 D - the +1 cloak of Starlight (worn) {*Dazzle EV+4 Stlth--}
   (You found it in a wizard's laboratory)

   It may blind those who miss an attack against the wearer in melee combat.
   EV:        It affects your evasion (+4).
   Stlth:     It makes you much less stealthy.
 S - a +2 crystal plate armour (worn)
   (You bought it in a shop in a bazaar)
 T - a +2 pair of boots of rampaging (worn)
   (You found it on level 15 of the Dungeon)
Jewellery
 d - the ring "Awuosecu" (left hand) {rN+ Will++ Int-3 Dex+8 Slay+4}
   (You found it on level 4 of the Realm of Zot)

   [ring of slaying]

   Int:       It affects your intelligence (-3).
   Dex:       It affects your dexterity (+8).
   Slay:      It affects your accuracy & damage with ranged weapons and melee
   (+4).
   rN:        It protects you from negative energy.
   Will:      It greatly increases your willpower.
 k - the ring of Qohaghull {Will+ Str+7}
   (You took it off an orc on level 3 of the Dungeon)

   [ring of willpower]

   Str:       It affects your strength (+7).
   Will:      It increases your willpower.
 q - the ring "Vaonoihu" {rElec Dex+6 Slay+2}
   (You bought it in a shop on level 2 of the Orcish Mines)

   [ring of dexterity]

   Dex:       It affects your dexterity (+6).
   Slay:      It affects your accuracy & damage with ranged weapons and melee
   (+2).
   rElec:     It insulates you from electricity.
 F - the ring "Ofilodgh" (right hand) {rElec rF++ rN+ Stlth-}
   (You found it in an ice cave)

   [ring of positive energy]

   rF:        It greatly protects you from fire.
   rElec:     It insulates you from electricity.
   rN:        It protects you from negative energy.
   Stlth:     It makes you less stealthy.
 G - an amulet of regeneration (around neck) {+regen, !d}
   (You bought it in a shop on level 1 of the Vaults)
 J - the ring "Oceqifuf" {rC+ Will+++ Str-3 Int-2 SInv}
   (You bought it in a shop on level 1 of the Vaults)

   [ring of protection from cold]

   Str:       It affects your strength (-3).
   Int:       It affects your intelligence (-2).
   rC:        It protects you from cold.
   SInv:      It lets you see invisible.
   Will:      It greatly increases your willpower.
 X - an amulet of guardian spirit {Spirit}
   (You found it on level 15 of the Dungeon)
Wands
 f - a wand of flame (46)
   (You found it on level 1 of the Elven Halls)
 g - a wand of digging (25)
 L - a wand of iceblast (34)
   (You found it on level 2 of the Swamp)
 R - a wand of acid (20)
   (You found it on level 1 of the Lair of Beasts)
Scrolls
 c - a scroll of silence
 e - 8 scrolls of fear
 m - 27 scrolls of teleportation {@r4}
 o - 6 scrolls of summoning
 w - 9 scrolls of vulnerability {!r!r}
 x - 10 scrolls of blinking {!r}
 y - a scroll of immolation {!r!r}
 E - a scroll of holy word {!r}
 N - 7 scrolls of fog
 O - 4 scrolls of torment {!r}
 P - 3 scrolls of magic mapping {!r}
Potions
 i - a potion of might
 j - 7 potions of ambrosia
 n - 6 potions of brilliance
 r - 2 potions of mutation {!q}
 s - 2 potions of haste
 t - a potion of heal wounds {@q2}
 u - 21 potions of curing {@q1}
 H - 11 potions of flight
 K - 2 potions of berserk rage {!q}
 M - a potion of cancellation
 U - 2 potions of magic
 V - a potion of invisibility
 W - a potion of resistance
 Y - 8 potions of attraction {!q}
 Z - 7 potions of lignification {!q}
Miscellaneous
 z - a box of beasts
   (You found it on level 4 of the Lair of Beasts)
 C - a lightning rod (4/4)
   (You found it in a Gauntlet)
 I - a condenser vane
   (You found it on level 6 of the Lair of Beasts)
 Q - a phantom mirror
   (You found it in a Gauntlet)


   Skills:
 - Level 20.0 Fighting
 - Level 25.0 Axes
 - Level 9.8 Crossbows
 - Level 20.0 Armour
 - Level 20.0 Dodging
 - Level 4.1 Stealth
 - Level 6.8 Spellcasting
 + Level 18.5 Translocations
 - Level 18.0 Invocations
 - Level 18.0 Evocations


You had 19 spell levels left.
You knew the following spells:

 Your Spells              Type           Power      Damage    Failure   Level
b - Blink                 Tloc           24%        N/A       1%          2
g - Apportation           Tloc           24%        N/A       1%          1
s - Swiftness             Air            1%         N/A       100%        3
U - Manifold Assault      Tloc           12%        N/A       5%          5
X - Passage of Golubria   Tloc           12%        N/A       1%          4
Z - Yara's Violent Unrav  Hex/Tmut       0%         3d3       100%        5

Your spell library contained the following spells:

 Spells                   Type           Power      Damage    Failure   Level
 Gell's Gravitas          Tloc           12%        N/A       1%          3
 Lesser Beckoning         Tloc           12%        N/A       1%          3
 Teleport Other           Tloc           12%        N/A       1%          3
 Portal Projectile        Hex/Tloc       12%        N/A       26%         3
 Dispersal                Tloc           6%         N/A       28%         6
 Iskenderun's Mystic Bla  Conj/Tloc      6%         2d4       65%         4
 Summon Forest            Summ/Tloc      3%         N/A       94%         5
 Animate Skeleton         Necr           2%         N/A       98%         1
 Magic Dart               Conj           4%         1d3       98%         1
 Pain                     Necr           4%         1d4       98%         1
 Sandblast                Erth           2%         2d4       98%         1
 Slow                     Hex            4%         N/A       98%         1
 Sting                    Tmut/Pois      4%         1d3       98%         1
 Summon Small Mammal      Summ           4%         N/A       98%         1
 Call Imp                 Summ           1%         N/A       99%         2
 Ensorcelled Hibernation  Hex/Ice        2%         N/A       99%         2
 Passwall                 Tmut/Erth      0%         N/A       99%         2
 Poisonous Vapours        Pois/Air       2%         N/A       99%         2
 Searing Ray              Conj           2%         2d4       99%         2
 Static Discharge         Conj/Air       1%         N/A       99%         2
 Sublimation of Blood     Necr           1%         N/A       99%         2
 Call Canine Familiar     Summ           1%         N/A       100%        3
 Confusing Touch          Hex            1%         N/A       100%        3
 Frozen Ramparts          Ice            2%         1d2       100%        3
 Mephitic Cloud           Conj/Pois/Air  1%         N/A       100%        3
 Spider Form              Tmut/Pois      1%         N/A       100%        3
 Stone Arrow              Conj/Erth      2%         3d7       100%        3
 Summon Guardian Golem    Hex/Summ       1%         N/A       100%        3
 Vampiric Draining        Necr           1%         2d6       100%        3
 Anguish                  Hex/Necr       0%         N/A       100%        4
 Animate Armour           Summ/Erth      2%         N/A       100%        4
 Dispel Undead            Necr           1%         3d6       100%        4
 Fulminant Prism          Conj/Hex       0%         3d6       100%        4
 Ice Form                 Ice/Tmut       1%         N/A       100%        4
 Leda's Liquefaction      Hex/Erth       0%         N/A       100%        4
 Olgreb's Toxic Radiance  Pois           1%         N/A       100%        4
 Petrify                  Tmut/Erth      1%         N/A       100%        4
 Sticky Flame             Conj/Fire      1%         2d3       100%        4
 Summon Ice Beast         Ice/Summ       1%         N/A       100%        4
 Summon Lightning Spire   Summ/Air       1%         N/A       100%        4
 Agony                    Necr           1%         N/A       100%        5
 Blade Hands              Tmut           0%         N/A       100%        5
 Excruciating Wounds      Necr           0%         N/A       100%        5
 Fireball                 Conj/Fire      0%         3d3       100%        5
 Freezing Cloud           Conj/Ice/Air   0%         6-21      100%        5
 Irradiate                Conj/Tmut      0%         3d14      100%        5
 Iskenderun's Battlesphe  Conj           1%         2d6       100%        5
 Metabolic Englaciation   Hex/Ice        0%         N/A       100%        5
 Silence                  Hex/Air        0%         N/A       100%        5
 Summon Mana Viper        Hex/Summ       1%         N/A       100%        5
 Conjure Ball Lightning   Conj/Air       0%         3x3d6     100%        6
 Iron Shot                Conj/Erth      0%         9d1       100%        6
 Simulacrum               Ice/Necr       0%         N/A       100%        6
 Starburst                Conj/Fire      0%         6d3       100%        6
 Statue Form              Tmut/Erth      0%         N/A       100%        6
 Summon Cactus Giant      Summ           0%         N/A       100%        6
 Dragon Form              Tmut           0%         N/A       100%        7
 Orb of Destruction       Conj           0%         9d5       100%        7
 Spellforged Servitor     Conj/Summ      0%         N/A       100%        7
 Storm Form               Tmut/Air       0%         N/A       100%        7
 Discord                  Hex            0%         N/A       100%        8
 Disjunction              Tloc           6%         N/A       100%        8
 Ignition                 Fire           0%         3d3       100%        8
 Lehudib's Crystal Spear  Conj/Erth      0%         10d2      100%        8
 Maxwell's Capacitive Co  Air            0%         ∞         100%        8
 Polar Vortex             Ice            0%         N/A       100%        9


Dungeon Overview and Level Annotations

Branches:
Dungeon (15/15)            Temple (1/1) D:5            Lair (6/6) D:8
  Swamp (4/4) Lair:4       Spider (4/4) Lair:2        Slime (1/5) Lair:5
    Orc (2/2) D:9             Elf (3/3) Orc:2        Vaults (5/5) D:13
  Crypt (3/3) Vaults:2       Tomb (0/3) Crypt:3      Depths (4/4) D:15
    Zot (5/5) Depths:4      IceCv (visited)          WizLab (visited)
Gauntlet (visited)

Altars:
Ashenzari
Cheibriados
Dithmenos
Elyvilon
Fedhas
Gozag
Hepliaklqana
Kikubaaqudgha
Makhleb
Nemelex Xobeh
Okawaru
Qazlal
Ru
Sif Muna
Trog
Uskayaw
Vehumet
Wu Jian
Xom
Yredelemnul
Zin
The Shining One
Beogh

Shops:
D:4 *   Orc:2 =*[((   Vaults:1 *([=   Vaults:3 ?   Vaults:4 *   Depths:1 ::=*
Depths:3 ?:

Portals:
Hell: Depths:1 Depths:2 Depths:3 Depths:4
Abyss: Depths:3
Pandemonium: Depths:2
Ziggurat: Depths:1

Annotations:
D:9 exclusion: orange crystal statue
Zot:3 2 transporters, Panuhen's ghost, master DrIE


Innate Abilities, Weirdness & Mutations

You have a pair of small antennae on your head.
You are partially covered in iridescent scales. (AC +2)
You are clumsy. (Dex -2)
You are very dopey. (Int -4)
Your magical capacity is low. (-10% MP)
You are strong-willed. (Will+)
You frequently scream uncontrollably at your foes.
You sometimes lose the ability to read scrolls when taking damage.


Message History

You hear a grinding noise.
You climb upwards.
There is a stone staircase leading down here.
You regained 5 hp, and now have 218/244 hp.
There is a stone staircase leading up, spattered with blood here.
Health restored: 244 You climb upwards.
There is a stone staircase leading down, spattered with blood here.
There is a staircase back to the Dungeon here.
You climb upwards.
Welcome back to the Dungeon!
There is a staircase to the Depths here.
There is a stone staircase leading up here.
You climb upwards.
There is a stone staircase leading down here.
You see here 22 arrows.
There is a stone staircase leading up here.
You climb upwards.
There is a stone staircase leading down here.
There is an escape hatch in the ceiling here.
A mysterious force pulls you upwards. The hatch slams shut behind you.
Things that are here:
a +0 robe; a +0 dagger
There is a stone staircase leading up here.
You climb upwards.
There is a stone staircase leading down here.
You hear an angry squeal.
A hell beast comes into view.
You can't go up here!
There is a stone staircase leading up here.
You climb upwards.
There is a stone staircase leading down here.
A hellion comes into view.
The hellion gestures at you.
The sphere of damnation explodes!
The damnation engulfs you!!
You take 32 damage, and have 212/244 hp.
The hellion gestures at you.
The sphere of damnation explodes!
The damnation engulfs you!!
You take 28 damage, and have 184/244 hp.
You regained 2 hp, and now have 186/244 hp.
You regained 2 hp, and now have 188/244 hp.
You regained 3 hp, and now have 191/244 hp.
There is a stone staircase leading up here.
You regained 2 hp, and now have 193/244 hp.
The hellion gestures at you.
The sphere of damnation explodes!
The damnation engulfs you!!
You climb upwards.
Level annotation: exclusion: orange crystal statue
There is a stone staircase leading down here.
You take 19 damage, and have 174/244 hp.
There is a stone staircase leading up here.
You regained 13 hp, and now have 187/244 hp.
You climb upwards.
There is a stone staircase leading down here.
You regained 5 hp, and now have 192/244 hp.
You hear a bellow!
A smoke demon comes into view.
You regained 38 hp, and now have 230/244 hp.
You can't go up here!
There is an escape hatch in the ceiling here.
You regained 2 hp, and now have 232/244 hp.
A mysterious force pulls you upwards. The hatch slams shut behind you.
You regained 5 hp, and now have 237/244 hp.
You hear a croak.
There is a stone staircase leading up here.
Health restored: 244 You climb upwards.
There is a stone staircase leading down here.
There is a stone staircase leading up here.
You climb upwards.
There is a stone staircase leading down here.
A hell beast comes into view.
You can't go up here!
The hell beast moves out of view.
There is a stone staircase leading up, spattered with blood here.
You climb upwards.
There is a stone staircase leading down here.
There is a stone staircase leading up here.
You climb upwards.
There is a stone staircase leading down here.
There is a stone staircase leading up here.
You climb upwards.
There is a stone staircase leading down here.
There is a stone staircase leading up here.
You climb upwards.
There is a stone staircase leading down here.
You can't go up here!
You see here a +0 club.
You open the door.
There is an open door here.
There is a staircase leading out of the dungeon here.
Okay, then.
Really quaff
r - 3 potions of mutation {!q}?
Really quaff the potion of mutation?
You feel extremely strange.
You feel more energetic.
You no longer feel cold resistant.
A pair of antennae grows on your head!
Your +2 helmet of see invisible falls away!
You feel strong-willed.
An Orb Guardian comes into view.
You have escaped!

#.####.######.##### #.#
.......######.###########.#
#.####.##..............##.#
#.# #.##..............##.#
..# #.##..#####'####..##.#
### #.##..#........'..##.#
#.....#...○....#..##.#
####..#........#..##.#
#..#....@...#..##.#
#..#....☼°..#..##.#
#..#X.○°°...#....[#
#..'........#..##.####
#..####+#####..##....#
#..............##.##.# ##
#..............#####.# .#
##########.##### #.# .#
######### #.# ### #.#


You could see an Orb Guardian.

Vanquished Creatures
  6 dread liches
  Tiamat (Zot:5)
  An ancient lich (Vaults:5)
  11 orbs of fire
  Mara (Depths:1)
  A royal mummy (Crypt:2)
  2 Killer Klowns (Zot:5)
  The ghost of Houmnergh the Rich, a master GnTm of Gozag (Crypt:2)
  Bai Suzhen (Vaults:3)
  Frederick (Vaults:3)
  Margery (Depths:2)
  Saint Roka (Vaults:3)
  A curse toe (Crypt:3)
  8 golden dragons
  A shard shrike zombie (Crypt:3)
  24 tentacled monstrosities
  7 liches
  9 electric golems
  Jorgrun (Swamp:1)
  4 titans
  26 Orb Guardians
  4 deep elf blademasters
  Asterion (Elf:1)
  8 quicksilver dragons
  5 deep elf master archers (Elf:3)
  10 death cobs
  An Executioner (Zot:4)
  An eldritch tentacle (WizLab)
  2 tentacled starspawn (WizLab)
  7 ancient champions
  3 sphinxes
  18 shadow dragons
  4 tengu reavers
  15 storm dragons
  The ghost of Baxzics the Sorcerer, an adept DECj of Vehumet (Spider:2)
  Frances (Lair:4)
  Agnes (Elf:2)
  3 draconian monks
  3 revenants
  An iron dragon (Depths:3)
  6 draconian knights
  5 fire giants
  6 draconian scorchers
  8 emperor scorpions
  5 deep elf sorcerers (Elf:3)
  16 vault wardens
  3 orc warlords
  9 frost giants
  4 ghouls
  Louise (D:14)
  9 ghost moths
  6 curse skulls
  8 draconian shifters
  4 deep elf elementalists (Elf:3)
  2 spriggan defenders
  Aizul (Swamp:4)
  11 ironbound preservers
  11 draconian annihilators
  6 draconian stormcallers
  11 green draconians
  3 war gargoyles
  6 eleionomae
  24 very ugly things
  10 vampire knights
  6 ironbound thunderhulks
  A broodmother (Lair:2)
  12 stone giants
  Nessos (Orc:2)
  16 black draconians
  9 deep elf annihilators
  9 yellow draconians
  12 dire elephants
  3 deep elf demonologists (Vaults:5)
  An entropy weaver (shapeshifter) (Depths:3)
  8 entropy weavers
  8 red draconians
  A minotaur (Gauntlet)
  17 purple draconians
  14 white draconians
  3 bunyips
  2 spark wasps
  Snorg (D:14)
  4 eidola
  12 ettins
  An iron golem (Depths:1)
  7 deep elf death magi
  2 green deaths (Swamp:4)
  10 fire dragons
  Josephine (Lair:2)
  3 deep elf high priests
  9 great orbs of eyes
  2 crystal guardians
  22 jiangshi
  The ghost of knot the Severer, a journeyman DsBe of Trog (Lair:4)
  Fannar (Orc:1)
  2 spriggan zombies
  15 yaktaur captains
  9 ice dragons
  6 boulder beetles
  A quicksilver dragon skeleton (Crypt:2)
  A ghost crab (Swamp:4)
  12 hydras
  2 hell beasts
  32 vault guards
  2 caustic shrike simulacra (IceCv)
  4 ogre magi (Vaults:5)
  A catoblepas (D:13)
  A radroach (Lair:2)
  3 spriggan air magi
  3 rakshasas
  3 peacekeepers
  A spriggan skeleton (Crypt:3)
  10 centaur warriors
  13 alligators
  11 ironbound frosthearts
  A jorogumo (Spider:4)
  3 death knights
  A death scarab (Spider:2)
  33 dancing weapons
  3 death yaks (Lair:5)
  3 deep troll shamans (Depths:4)
  14 vampire magi
  2 titan zombies
  3 two-headed ogres
  5 deep troll earth magi
  7 hell knights
  5 spriggans
  4 tengu warriors
  The ghost of Lobster4 the Summoner, a novice BaSu of Gozag (D:9)
  16 deep elf knights
  7 orc high priests
  5 spriggan berserkers
  3 thrashing horrors
  Nergalle (D:11)
  A soul eater (Crypt:2)
  An iron troll (Depths:2)
  A pharaoh ant (Spider:2)
  A sixfirhy (WizLab)
  20 skeletal warriors
  2 sun moths
  A bunyip zombie (Crypt:1)
  5 shadow wraiths
  A storm dragon skeleton (Crypt:3)
  3 goliath frogs
  8 swamp dragons
  An orange crystal statue (Depths:3)
  A glowing orange brain (WizLab)
  7 flayed ghosts
  28 deep trolls
  10 orb spiders
  3 steelbarb worms
  A swamp dragon (shapeshifter) (Elf:1)
  A golden dragon skeleton (Crypt:2)
  12 ironbound convokers
  15 bog bodies
  2 obsidian statues
  13 lindwurms
  13 phantasmal warriors
  13 wizards
  A spriggan simulacrum (IceCv)
  9 deep elf archers
  5 oklob plants (Lair:5)
  5 necromancers
  14 orc knights
  7 orc sorcerers
  32 deep elf zephyrmancers
  14 deep elf pyromancers
  A stone giant zombie (Depths:2)
  2 will-o-the-wisps (Swamp:2)
  6 manticores
  3 worldbinders (WizLab)
  35 moths of wrath
  A shadow dragon skeleton (Crypt:3)
  A cyclops (D:13)
  16 wolf spiders
  51 ugly things
  An apocalypse crab (WizLab)
  Maurice (D:12)
  A water nymph (shapeshifter) (Depths:2)
  A smoke demon (Depths:2)
  A gargoyle (D:12)
  A torpor snail (shapeshifter) (Vaults:5)
  24 vault sentinels
  36 elephants
  2 eyes of devastation (Depths:1)
  An ice statue (Gauntlet)
  7 black mambas
  9 cane toads
  2 orange demons (Swamp:4)
  A minotaur zombie (Crypt:1)
  12 torpor snails
  A centaur skeleton (Crypt:2)
  9 komodo dragons
  A yaktaur (shapeshifter) (D:14)
  4 demonic crawlers
  7 unseen horrors
  A sea snake zombie (Crypt:2)
  An iron troll zombie (Crypt:2)
  A bunyip simulacrum (Crypt:2)
  An alligator snapping turtle skeleton (Crypt:3)
  24 freezing wraiths
  4 rime drakes
  2 kobold demonologists (D:11)
  2 tengu conjurers
  An anaconda simulacrum (IceCv)
  2 efreet
  4 ice devils
  2 golden dragon simulacra (IceCv)
  47 yaktaurs
  A white draconian skeleton (Crypt:1)
  A guardian mummy (Crypt:3)
  4 trolls
  An ancient zyme (WizLab)
  12 hornets
  13 tyrant leeches
  A queen bee (shapeshifter) (D:14)
  12 polar bears
  12 meliai
  A hornet (shapeshifter) (Vaults:5)
  A harpy zombie (Crypt:3)
  41 tarantellas
  52 slime creatures
  21 blink frogs
  5 large abominations
  4 dream sheep (Lair:5)
  2 harpy skeletons
  A raiju (Lair:6)
  A blink frog (shapeshifter) (Depths:3)
  A stone giant simulacrum (Crypt:3)
  2 dire elephant simulacra (IceCv)
  30 jumping spiders
  4 shadows
  A jumping spider (shapeshifter) (D:14)
  4 vampires (Crypt:3)
  2 wyverns
  A naga simulacrum (Crypt:3)
  51 yaks
  11 culicivoras
  7 air elementals (Elf:2)
  11 water elementals
  A human (D:13)
  14 wraiths
  3 steam dragons
  8 fire elementals
  3 vampire mosquitoes
  A basilisk (shapeshifter) (D:14)
  5 basilisks
  A wind drake skeleton (Crypt:3)
  60 redbacks
  5 chaos spawn
  Edmund (D:5)
  6 harpy simulacra
  A minotaur simulacrum (IceCv)
  A deep troll zombie (Crypt:3)
  10 wargs
  3 spatial vortices (WizLab)
  2 hydra simulacra (IceCv)
  14 swamp worms
  The ghost of hgbash the Sneak, an amateur OpEE (D:3)
  A water moccasin (shapeshifter) (Depths:2)
  8 water moccasins
  3 acid dragons
  14 hell hounds (Lair:6)
  A naga skeleton (Crypt:3)
  4 floating eyes
  A cane toad skeleton (Crypt:2)
  3 swamp drakes (Swamp:3)
  39 orc warriors
  A sky beast (D:5)
  2 ice beasts (D:6)
  11 black bears (Lair:6)
  5 alligator simulacra (IceCv)
  6 small abominations
  A swamp dragon zombie (Crypt:1)
  12 ogres
  2 boggarts (WizLab)
  39 wolves
  10 centaurs
  3 necrophages
  A phantom (D:5)
  A blink frog skeleton (Crypt:2)
  A torpor snail zombie (Crypt:1)
  2 yaktaur zombies (Crypt:1)
  2 gnoll sergeants
  A kobold brigand (D:8)
  9 bullfrogs
  A salamander zombie (Crypt:1)
  2 deep troll simulacra (IceCv)
  5 earth elementals
  A water moccasin zombie (D:5)
  A komodo dragon skeleton (Crypt:2)
  17 killer bees
  2 lindwurm simulacra (IceCv)
  4 wights (D:7)
  3 electric eels
  2 bullfrog zombies (D:5)
  12 centaur zombies
  5 lava snakes (Lair:6)
  30 orc priests
  A jelly (D:5)
  3 hounds
  3 bullfrog skeletons
  An iron imp (WizLab)
  5 iguanas
  A scorpion zombie (D:5)
  6 hell rats (Lair:4)
  33 orc wizards
  Ijyb (D:3)
  4 killer bee zombies
  An ogre zombie (Crypt:2)
  12 mummies (Crypt:3)
  A hound skeleton (D:4)
  10 gnolls
  6 adders
  A river rat (D:4)
  A shadow imp (D:5)
  A worm (shapeshifter) (Elf:1)
  3 dart slugs
  74 orcs
  4 ball pythons
  A bat zombie (Crypt:3)
  5 endoplasms
  5 giant cockroaches
  12 goblins
  6 hobgoblins
  10 jackals
  8 quokkas
  7 bats
  2 frilled lizards (D:1)
  A gnoll skeleton (Crypt:2)
  2 jackal skeletons
  16 kobolds
  6 rats
  A rat skeleton (Crypt:3)
  2 butterflies (Lair:5)
  4 starspawn tentacles (WizLab)
2381 creatures vanquished.

Vanquished Creatures (collateral kills)
  A curse toe (Zot:2)
  Rupert (D:14)
  2 hydras (Lair:3)
  A death yak (Lair:3)
  A deep elf archer (Elf:1)
  A yak (Lair:3)
  An orc wizard (D:6)
  2 orcs (D:6)
10 creatures vanquished.

Vanquished Creatures (others)
  A draconian scorcher (Zot:5)
  A draconian stormcaller (Zot:5)
  A white draconian (Zot:5)
  An alligator (Swamp:4)
  A soul eater (Crypt:3)
  A deep elf knight (Elf:1)
  A goliath frog (Swamp:4)
  A phantasmal warrior (Crypt:3)
  A wolf spider (Spider:3)
  A bloated husk (Swamp:3)
  An orc wizard (D:6)
  2 orcs (Orc:2)
  24 demonic plants
  8 foxfires (Swamp:2)
  28 fungi
  2 lurking horrors (WizLab)
  54 plants
129 creatures vanquished.

Grand Total: 2520 creatures vanquished

Notes
Turn   | Place    | Note
-------+----------+-------------------------------------------
     0 | D:5      | murtidash the Hill Orc Delver began the quest for the Orb.
     0 | D:5      | Reached XP level 1. HP: 19/19 MP: 1/1
     0 | D:5      | magus.rc [v1.11.3]
     6 | Temple   | Entered the Ecumenical Temple
   235 | Temple   | Became a worshipper of Qazlal Stormbringer
   296 | D:5      | Noticed a hound
   324 | D:4      | HP: 3/19 [bullfrog skeleton (4)]
   330 | D:4      | Found Naruuhant's Gadget Gallery.
   338 | D:4      | HP: 3/19 [bullfrog skeleton (1)]
   355 | D:4      | Noticed an ogre
   746 | D:2      | Identified the +3 leather armour "Qoranibboe" {rPois}
  1112 | D:1      | Reached skill level 3 in Axes
  1127 | D:1      | Reached XP level 2. HP: 27/27 MP: 2/2
  1323 | D:1      | Reached skill level 4 in Fighting
  1356 | D:1      | Reached skill level 1 in Armour
  1418 | D:1      | Found a faded altar of an unknown god.
  1690 | D:1      | Reached XP level 3. HP: 27/33 MP: 3/3
  3106 | D:3      | Reached * piety under Qazlal
  3134 | D:3      | Reached XP level 4. HP: 41/41 MP: 4/4
  3136 | D:3      | Reached skill level 2 in Armour
  3141 | D:3      | Reached skill level 4 in Axes
  3143 | D:3      | You pick up a book of Transfigurations and begin reading...
  3143 | D:3      | You add the spells Irradiate, Blade Hands and Dragon Form
                  | to your library.
  3175 | D:3      | Identified the ring of Qohaghull {Will+ Str+7}
  3332 | D:3      | Found a runed translucent gate.
  3332 | D:3      | Found a runed translucent gate.
  3332 | D:3      | Found a runed translucent gate.
  3332 | D:3      | Noticed hgbash's ghost (amateur OpEE)
  3725 | D:3      | Noticed Ijyb
  3738 | D:3      | Killed Ijyb
  4119 | D:3      | Killed hgbash's ghost
  4120 | D:3      | Reached skill level 5 in Fighting
  4120 | D:3      | Reached skill level 5 in Axes
  4120 | D:3      | Reached skill level 3 in Armour
  4120 | D:3      | Reached XP level 5. HP: 39/48 MP: 5/5
  4265 | D:4      | Noticed a necrophage
  4302 | D:4      | Reached XP level 6. HP: 42/56 MP: 6/6
  4304 | D:4      | HP: 12/56 [ogre (28)]
  4356 | D:4      | Reached ** piety under Qazlal
  4576 | D:4      | Killed a necrophage
  4577 | D:4      | Reached skill level 6 in Fighting
  4577 | D:4      | Reached skill level 6 in Axes
  4577 | D:4      | Reached skill level 4 in Armour
  4577 | D:4      | Reached XP level 7. HP: 39/63 MP: 7/7
  5545 | D:5      | Reached skill level 5 in Armour
  5613 | D:5      | Reached skill level 7 in Fighting
  5613 | D:5      | Reached skill level 7 in Axes
  5613 | D:5      | Reached XP level 8. HP: 41/73 MP: 8/8
  5619 | D:5      | HP: 17/73 [acid (10)]
  6214 | D:5      | Identified a scroll of acquirement
  6215 | D:5      | Acquired a +2 pair of gloves of strength
  6444 | D:5      | Reached skill level 6 in Armour
  6568 | D:5      | You pick up a book of Geomancy and begin reading...
  6568 | D:5      | You add the spells Sandblast, Passwall and Stone Arrow to
                  | your library.
  6578 | D:5      | Reached skill level 8 in Axes
  6616 | D:5      | Acquired 894 gold pieces
  6781 | D:6      | Reached skill level 8 in Fighting
  7028 | D:6      | Noticed Edmund
  7351 | D:5      | Killed Edmund
  7445 | D:6      | Reached XP level 9. HP: 82/82 MP: 9/9
  7598 | D:6      | Reached *** piety under Qazlal
  7625 | D:6      | Reached skill level 9 in Axes
  7625 | D:6      | Reached skill level 7 in Armour
  8045 | D:6      | Reached skill level 9 in Fighting
  8542 | D:7      | Acquired a +1 vampiric battleaxe
  8850 | D:7      | Found an iron altar of Okawaru.
  8883 | D:7      | Reached skill level 2 in Dodging
  8889 | D:7      | Reached skill level 10 in Axes
  9177 | D:7      | You pick up a book of Rime and begin reading...
  9177 | D:7      | You add the spells Frozen Ramparts, Ice Form and Summon Ice
                  | Beast to your library.
  9524 | D:8      | Found a staircase to the Lair.
  9598 | D:8      | Noticed a two-headed ogre
  9605 | D:8      | Killed a two-headed ogre
  9606 | D:8      | Reached skill level 10 in Fighting
  9606 | D:8      | Reached skill level 11 in Axes
  9606 | D:8      | Reached skill level 8 in Armour
  9606 | D:8      | Reached skill level 3 in Dodging
  9606 | D:8      | Reached XP level 10. HP: 44/93 MP: 10/10
  9985 | D:8      | Reached **** piety under Qazlal
  9996 | D:8      | Reached skill level 12 in Axes
 10004 | D:8      | Reached skill level 4 in Dodging
 10572 | D:9      | Found a staircase to the Orcish Mines.
 10621 | D:9      | Found a runed translucent gate.
 10621 | D:9      | Found a runed translucent gate.
 10621 | D:9      | Found a runed translucent gate.
 10622 | D:9      | Noticed Lobster4's ghost (novice BaSu)
 10681 | D:9      | Noticed a two-headed ogre
 10689 | D:9      | Killed a two-headed ogre
 10690 | D:9      | Reached skill level 13 in Axes
 10891 | D:9      | Found a hide-covered altar of Uskayaw.
 10892 | D:9      | Found a sparkling altar of Nemelex Xobeh.
 11239 | D:9      | Noticed an orange crystal statue
 11471 | D:9      | Killed Lobster4's ghost
 11472 | D:9      | Reached skill level 14 in Axes
 11472 | D:9      | Reached skill level 5 in Dodging
 11472 | D:9      | Reached XP level 11. HP: 88/99 MP: 11/11
 11581 | D:10     | Entered Level 10 of the Dungeon
 11636 | Lair:1   | Entered Level 1 of the Lair of Beasts
 12385 | Lair:1   | You pick up a book of Chaos and begin reading...
 12385 | Lair:1   | You add the spells Conjure Ball Lightning, Disjunction and
                  | Discord to your library.
 12398 | Lair:1   | Reached skill level 1 in Invocations
 12814 | Lair:1   | Reached skill level 2 in Invocations
 12859 | Lair:2   | You fall into a shaft and drop 1 floor!
 12894 | Lair:2   | Reached skill level 6 in Dodging
 12992 | Lair:1   | Reached skill level 15 in Axes
 12992 | Lair:1   | Reached skill level 3 in Invocations
 13194 | Lair:1   | Reached ***** piety under Qazlal
 13231 | Lair:2   | Reached skill level 4 in Invocations
 13274 | Lair:2   | Identified the +2 robe "Myomuipnuryu" {+Inv rPois Regen+
                  | Str-2}
 13466 | Lair:2   | Found a hole to the Spider Nest.
 13553 | Lair:2   | Reached XP level 12. HP: 108/108 MP: 15/15
 13555 | Lair:2   | Reached skill level 9 in Armour
 13574 | Lair:2   | Reached skill level 7 in Dodging
 13579 | Lair:2   | Reached skill level 11 in Fighting
 14059 | Lair:3   | Noticed a seven-headed hydra
 14077 | Lair:3   | Reached skill level 5 in Invocations
 14080 | Lair:3   | Killed a seven-headed hydra
 14084 | Lair:3   | Reached skill level 16 in Axes
 14421 | Lair:3   | Noticed a death yak
 14428 | Lair:3   | Noticed a six-headed hydra
 14489 | Lair:3   | Killed a death yak
 14490 | Lair:3   | Reached skill level 6 in Invocations
 14492 | Lair:3   | Killed a six-headed hydra
 14493 | Lair:3   | Reached skill level 8 in Dodging
 14665 | Lair:3   | Noticed a seven-headed hydra
 14693 | Lair:3   | Killed a seven-headed hydra
 15088 | Lair:4   | Noticed a seven-headed hydra
 15136 | Lair:3   | Killed a seven-headed hydra
 15203 | Lair:4   | Reached XP level 13. HP: 117/117 MP: 18/18
 15214 | Lair:4   | Reached skill level 17 in Axes
 15216 | Lair:4   | Reached skill level 10 in Armour
 15216 | Lair:4   | Reached skill level 7 in Invocations
 15243 | Lair:4   | Reached skill level 12 in Fighting
 15455 | Lair:4   | Reached skill level 9 in Dodging
 15834 | Lair:4   | Found a staircase to the Swamp.
 15863 | Lair:4   | Found a runed translucent door.
 15865 | Lair:4   | Noticed knot's ghost (journeyman DsBe)
 15874 | Lair:4   | You pick up a book of the Wilderness and begin reading...
 15874 | Lair:4   | You add the spells Summon Forest, Summon Mana Viper and
                  | Summon Cactus Giant to your library.
 15906 | Lair:4   | You pick up a book of Debilitation and begin reading...
 15906 | Lair:4   | You add the spells Slow, Vampiric Draining and Confusing
                  | Touch to your library.
 16457 | Lair:4   | Killed knot's ghost
 16458 | Lair:4   | Reached skill level 8 in Invocations
 16542 | Lair:5   | Found a staircase to the Slime Pits.
 16845 | Lair:5   | Reached skill level 18 in Axes
 16859 | Lair:5   | Reached skill level 1 in Evocations
 17016 | Lair:5   | Reached skill level 2 in Evocations
 17028 | Lair:5   | Reached XP level 14. HP: 114/126 MP: 20/20
 17041 | Lair:5   | Reached skill level 11 in Armour
 17658 | Lair:5   | Reached skill level 9 in Invocations
 18005 | Lair:5   | Reached skill level 10 in Dodging
 18172 | Slime:1  | Entered Level 1 of the Pits of Slime
 18178 | Slime:1  | Noticed an azure jelly
 18186 | Lair:5   | Reached skill level 3 in Evocations
 18208 | Lair:6   | Entered Level 6 of the Lair of Beasts
 18243 | Lair:5   | Reached skill level 19 in Axes
 18786 | Lair:6   | Reached skill level 4 in Evocations
 19233 | Lair:6   | Reached skill level 10 in Invocations
 19245 | Lair:6   | Found a runed translucent door.
 19582 | Lair:6   | Reached ****** piety under Qazlal
 19647 | Lair:6   | Reached skill level 5 in Evocations
 19660 | Lair:6   | Reached skill level 12 in Armour
 19667 | Lair:6   | Reached skill level 20 in Axes
 19871 | Lair:6   | Reached skill level 6 in Evocations
 19905 | Lair:6   | Identified the +4 shortbow "Kujoh" {speed, rF+ Will+ Dex-4}
 19980 | Lair:6   | Reached XP level 15. HP: 132/132 MP: 22/22
 20018 | Lair:6   | Reached skill level 7 in Evocations
 20551 | Orc:1    | Entered Level 1 of the Orcish Mines
 20581 | Orc:1    | Noticed Fannar
 20594 | Orc:1    | Killed Fannar
 21185 | Orc:1    | Reached skill level 8 in Evocations
 21359 | Orc:2    | Entered Level 2 of the Orcish Mines
 21394 | Orc:2    | Noticed Nessos
 21825 | Orc:2    | Killed Nessos
 22261 | Orc:2    | Found Leihaul's Weapon Boutique.
 22522 | Orc:1    | Reached skill level 1 in Spellcasting
 22614 | Orc:2    | Gained mutation: Potions are less effective at restoring
                  | your health. [a neqoxec]
 22615 | Orc:2    | Gained mutation: Your magical capacity is low. (-10% MP) [a
                  | neqoxec]
 22621 | Orc:1    | Lost mutation: Your magical capacity is low. (-10% MP)
                  | [potion of mutation]
 22621 | Orc:1    | Lost mutation: Potions are less effective at restoring your
                  | health. [potion of mutation]
 22621 | Orc:1    | Gained mutation: You sometimes lose the ability to read
                  | scrolls when taking damage. [potion of mutation]
 22621 | Orc:1    | Gained mutation: You occasionally shout uncontrollably at
                  | your foes. [potion of mutation]
 22621 | Orc:1    | Gained mutation: Your spells are a little harder to cast,
                  | but a little more powerful. [potion of mutation]
 22622 | Orc:1    | Lost mutation: You sometimes lose the ability to read
                  | scrolls when taking damage. [potion of mutation]
 22622 | Orc:1    | Lost mutation: Your spells are a little harder to cast, but
                  | a little more powerful. [potion of mutation]
 22622 | Orc:1    | Lost mutation: You occasionally shout uncontrollably at
                  | your foes. [potion of mutation]
 22622 | Orc:1    | Gained mutation: Your magical capacity is low. (-10% MP)
                  | [potion of mutation]
 22622 | Orc:1    | Gained mutation: You have hidden genetic potential. [potion
                  | of mutation]
 22724 | Orc:2    | Found a staircase to the Elven Halls.
 22863 | Orc:2    | Noticed an orc warlord
 22990 | Orc:1    | Killed an orc warlord
 23744 | Orc:2    | Found a roughly hewn altar of Beogh.
 23856 | Orc:2    | Found Xaumihon's General Store.
 23857 | Orc:2    | Found Ruast's Jewellery Boutique.
 23858 | Orc:2    | Found Keviw's Antique Armour Boutique.
 23858 | Orc:2    | Found Zysuzysou's Antique Weapon Shop.
 23873 | Orc:2    | Bought a scroll of enchant weapon for 112 gold pieces
 23873 | Orc:2    | Bought a scroll of identify for 30 gold pieces
 24261 | Orc:2    | Bought a runed plate armour for 598 gold pieces
 24261 | Orc:2    | Bought a pair of boots for 103 gold pieces
 24287 | Orc:2    | Bought an embroidered scarf for 184 gold pieces
 24299 | Orc:2    | Bought a ring of see invisible for 240 gold pieces
 24299 | Orc:2    | Bought the ring "Vaonoihu" {rElec Dex+6 Slay+2} for 1294
                  | gold pieces
 24440 | D:10     | You pick up a book of Conjurations and begin reading...
 24440 | D:10     | You add the spells Magic Dart, Searing Ray and Fulminant
                  | Prism to your library.
 25151 | D:11     | Reached skill level 2 in Spellcasting
 25215 | D:11     | Noticed Nergalle
 25228 | D:11     | Killed Nergalle
 25321 | D:11     | Found a hide-covered altar of Uskayaw.
 25833 | D:12     | Noticed Maurice
 25847 | D:12     | Killed Maurice
 25867 | D:12     | Reached skill level 11 in Invocations
 26062 | D:12     | You pick up a book of Displacement and begin reading...
 26062 | D:12     | You add the spells Lesser Beckoning, Gell's Gravitas and
                  | Teleport Other to your library.
 27089 | D:13     | Reached XP level 16. HP: 141/141 MP: 22/22
 27547 | D:13     | Reached skill level 3 in Spellcasting
 27552 | D:13     | Reached skill level 13 in Fighting
 27632 | D:13     | Found a gate to the Vaults.
 28300 | D:14     | Reached skill level 13 in Armour
 28382 | D:14     | Noticed Louise
 28406 | D:14     | Reached skill level 1 in Crossbows
 28411 | D:14     | Killed Louise
 28457 | D:14     | Noticed Snorg
 28469 | D:14     | Killed Snorg
 28490 | D:14     | Noticed Rupert
 28496 | D:14     | Killed Rupert
 29190 | D:15     | Entered Level 15 of the Dungeon
 29212 | D:15     | Reached skill level 2 in Crossbows
 29212 | D:15     | Reached skill level 12 in Invocations
 29226 | D:15     | Reached skill level 11 in Dodging
 29240 | D:15     | Reached skill level 21 in Axes
 29262 | D:15     | Found a gate leading to a gauntlet.
 29270 | Gauntlet | Entered a Gauntlet
 29270 | Gauntlet | Found a transporter.
 29429 | Gauntlet | Found a transporter.
 29439 | Gauntlet | Found a transporter.
 29444 | Gauntlet | Found a transporter.
 29460 | Gauntlet | Found a transporter.
 29478 | Gauntlet | Found a transporter.
 29493 | Gauntlet | Found a transporter.
 29515 | Gauntlet | Found a transporter.
 29527 | Gauntlet | Found a transporter.
 29547 | Gauntlet | Found a transporter.
 29574 | Gauntlet | Found a transporter.
 29592 | Gauntlet | Found a transporter.
 29594 | Gauntlet | Found a transporter.
 29598 | Gauntlet | Found a runed translucent gate.
 29598 | Gauntlet | Found a runed translucent gate.
 29598 | Gauntlet | Found a runed translucent gate.
 29601 | Gauntlet | Found a large runed translucent door.
 29601 | Gauntlet | Found a large runed translucent door.
 29601 | Gauntlet | Found a large runed translucent door.
 29601 | Gauntlet | Found a large runed translucent door.
 29604 | Gauntlet | Found a large runed translucent door.
 29605 | Gauntlet | Found a large runed translucent door.
 29606 | Gauntlet | Found a large runed translucent door.
 29606 | Gauntlet | Found a large runed translucent door.
 29606 | Gauntlet | Found a runed translucent door.
 29607 | Gauntlet | Found a large runed translucent door.
 29608 | Gauntlet | Found a large runed translucent door.
 29617 | Gauntlet | Found a runed translucent door.
 29618 | Gauntlet | Found a large runed translucent door.
 29618 | Gauntlet | Found a large runed translucent door.
 29618 | Gauntlet | Found a large runed translucent door.
 29618 | Gauntlet | Found a large runed translucent door.
 29619 | Gauntlet | Found a large runed translucent door.
 29620 | Gauntlet | Found a large runed translucent door.
 29621 | Gauntlet | Found a transporter.
 29904 | Gauntlet | Found a transporter.
 29906 | Gauntlet | Found a transporter.
 29945 | Gauntlet | Found a transporter.
 29950 | Gauntlet | Found a transporter.
 30074 | Gauntlet | Identified the +0 cloak of the Other World {Drain rPois
                  | Dex+8}
 30165 | D:15     | Reached skill level 3 in Crossbows
 30215 | D:15     | Found a staircase to the Depths.
 30700 | D:15     | Acquired the +3 pair of gloves of Hangman {Contam rElec
                  | Regen+ SInv}
 31202 | Swamp:1  | Entered Level 1 of the Swamp
 31203 | Swamp:1  | Noticed Frances
 31211 | Swamp:1  | Noticed a tentacled monstrosity
 31248 | Lair:4   | Killed a tentacled monstrosity
 31323 | Lair:4   | Killed Frances
 31365 | Swamp:1  | Noticed Jorgrun
 31383 | Swamp:1  | Killed Jorgrun
 31426 | Swamp:1  | Reached skill level 14 in Armour
 31431 | Swamp:1  | Reached skill level 14 in Fighting
 31431 | Swamp:1  | Reached XP level 17. HP: 152/152 MP: 23/23
 31765 | Swamp:1  | Reached skill level 4 in Crossbows
 32073 | Swamp:2  | Reached skill level 13 in Invocations
 32367 | Orc:2    | Bought a ring of flight for 280 gold pieces
 32961 | Swamp:2  | Gained mutation: You are robust. (+10% HP) [hidden
                  | potential]
 33530 | Swamp:4  | Entered Level 4 of the Swamp
 33537 | Swamp:4  | Noticed Aizul
 33638 | Swamp:4  | Reached skill level 5 in Crossbows
 33647 | Swamp:4  | Reached skill level 15 in Armour
 33650 | Swamp:4  | Killed Aizul
 33810 | Swamp:4  | Paralysed by a great orb of eyes for 5 turns
 33954 | Swamp:4  | Reached skill level 14 in Invocations
 33990 | Swamp:4  | Reached skill level 22 in Axes
 34039 | Swamp:4  | Got a decaying rune of Zot
 34125 | Swamp:4  | Reached skill level 15 in Fighting
 34130 | Swamp:4  | Reached skill level 12 in Dodging
 34414 | Spider:1 | Entered Level 1 of the Spider Nest
 34422 | Spider:1 | Noticed Josephine
 34562 | Lair:2   | Reached XP level 18. HP: 176/179 MP: 25/25
 34566 | Lair:2   | Reached skill level 6 in Crossbows
 34667 | Lair:2   | Killed Josephine
 34976 | Spider:2 | Found a frozen archway.
 34999 | IceCv    | Entered an ice cave
 35003 | IceCv    | Gained mutation: Your flesh is cold resistant. (rC+)
                  | [hidden potential]
 35003 | IceCv    | Lost mutation: You have hidden genetic potential. [hidden
                  | potential expressed]
 35167 | IceCv    | Reached skill level 16 in Armour
 35251 | IceCv    | Found an ancient bone altar of Kikubaaqudgha.
 35325 | IceCv    | Noticed a lich
 35335 | IceCv    | Killed a lich
 35364 | IceCv    | Reached skill level 7 in Crossbows
 35397 | IceCv    | Identified the ring "Ofilodgh" {rElec rF++ rN+ Stlth-}
 35481 | Spider:2 | Reached skill level 15 in Invocations
 35932 | Spider:2 | Found a runed translucent door.
 35933 | Spider:2 | Noticed Baxzics's ghost (adept DECj)
 36307 | Spider:2 | Killed Baxzics's ghost
 36318 | Spider:2 | Identified the +0 scale mail of the Blessed Realm {Int+5}
 36394 | Spider:3 | Identified the +7 great sword "Vage" {venom, rElec Str+3
                  | Int-2}
 37204 | Spider:4 | Entered Level 4 of the Spider Nest
 37271 | Spider:4 | Reached skill level 23 in Axes
 37271 | Spider:4 | Reached XP level 19. HP: 172/187 MP: 27/27
 37317 | Spider:4 | Reached skill level 17 in Armour
 37427 | Spider:4 | Reached skill level 8 in Crossbows
 37923 | Spider:4 | Reached skill level 13 in Dodging
 38088 | Spider:4 | Learned a level 3 spell: Swiftness
 38280 | Spider:4 | Got a gossamer rune of Zot
 38619 | Elf:1    | Entered Level 1 of the Elven Halls
 38804 | Elf:1    | Identified the +11 rapier of the Eel {holy, rC+ Int+4
                  | Stlth+}
 38951 | Elf:1    | Noticed Asterion
 38958 | Elf:1    | Killed Asterion
 39344 | Elf:1    | Reached skill level 16 in Invocations
 39547 | Elf:2    | Paralysed by an air elemental for 1 turns
 39702 | Elf:2    | Reached skill level 18 in Armour
 39751 | Elf:2    | Reached skill level 24 in Axes
 39785 | Elf:2    | Noticed Agnes
 39796 | Elf:2    | Killed Agnes
 39797 | Elf:2    | Reached XP level 20. HP: 177/198 MP: 28/28
 39830 | Elf:2    | Reached skill level 16 in Fighting
 40264 | Elf:2    | Found a runed translucent gate.
 40265 | Elf:2    | Found a runed translucent gate.
 40265 | Elf:2    | Found a runed translucent gate.
 40428 | Elf:2    | Reached skill level 9 in Crossbows
 40610 | Elf:2    | Reached skill level 9 in Evocations
 41232 | Elf:3    | Entered Level 3 of the Elven Halls
 41265 | Elf:3    | Identified the +2 whip "Ynoall" {chaos, SInv}
 41756 | Elf:3    | Identified the +6 leather armour of the Apprentice {rF+
                  | Regen+}
 41770 | Elf:3    | Reached skill level 19 in Armour
 41800 | Elf:3    | Identified the ring "Telanicu" {Wiz rElec rF- Str+5}
 41847 | Elf:3    | Identified the +0 shadow dragon scales of the Bouncing
                  | Lives {*Corrode MP+9 Str+9 Slay+3 Stlth++++}
 41891 | Elf:3    | Reached skill level 17 in Invocations
 41895 | Elf:3    | Identified the +5 war axe of Xien {vorpal, Fragile +Blink
                  | rPois Dex+5}
 41972 | Elf:3    | Identified the +6 flail "Demonslayer" {elec, rPois rN+
                  | Stlth-}
 42029 | Elf:3    | Identified the +5 hand axe "Dragon's Tongue" {antimagic,
                  | rN+}
 42080 | Elf:3    | Identified the +7 fire dragon scales of Boredom {Harm rF++
                  | rC- Will+}
 42434 | Vaults:1 | Entered Level 1 of the Vaults
 42592 | Vaults:1 | Acquired 1375 gold pieces
 42630 | Vaults:1 | Found Pyzelehi's Antique Armour Boutique.
 42711 | Vaults:1 | Found Acvem's Weapon Shoppe.
 42783 | Vaults:1 | Found Otouvuo's Assorted Antiques.
 42787 | Vaults:1 | Bought a potion of might for 140 gold pieces
 42837 | Vaults:1 | Reached XP level 21. HP: 179/195 MP: 30/30
 42843 | Vaults:1 | Reached skill level 10 in Evocations
 42919 | Vaults:2 | Reached skill level 17 in Fighting
 42930 | Vaults:2 | Reached skill level 14 in Dodging
 43936 | Vaults:1 | Found Cawkum's Jewellery Emporium.
 43944 | Vaults:1 | Bought an amulet of regeneration for 570 gold pieces
 43944 | Vaults:1 | Bought the ring "Oceqifuf" {rC+ Will+++ Str-3 Int-2 SInv}
                  | for 701 gold pieces
 44147 | Vaults:2 | Found a staircase to the Crypt.
 44147 | Vaults:2 | Found an ancient bone altar of Kikubaaqudgha.
 44171 | Vaults:2 | Found a basalt altar of Yredelemnul.
 44771 | Vaults:3 | Got the Volume of Flamy Displacement
 44994 | Vaults:3 | HP: 38/211 [orc warrior (8)]
 45003 | Vaults:3 | HP: 41/211 [orc knight (5)]
 45022 | Vaults:3 | Reached skill level 18 in Invocations
 45194 | Vaults:3 | Reached skill level 11 in Evocations
 45317 | Vaults:3 | Found a roughly hewn altar of Beogh.
 45448 | Vaults:3 | Noticed Bai Suzhen
 45463 | Vaults:3 | Killed Bai Suzhen
 45478 | Vaults:3 | Noticed Saint Roka
 45487 | Vaults:3 | Killed Saint Roka
 45500 | Vaults:3 | Reached XP level 22. HP: 204/220 MP: 31/31
 45573 | Vaults:3 | Reached skill level 20 in Armour
 45670 | Vaults:3 | Found Juobbyi Unia's Magic Scroll Shoppe.
 45680 | Vaults:3 | Reached skill level 18 in Fighting
 45750 | Vaults:3 | Bought a scroll of acquirement for 1040 gold pieces
 45750 | Vaults:3 | Bought a scroll of blinking for 150 gold pieces
 45750 | Vaults:3 | Bought 2 scrolls of teleportation for 120 gold pieces
 45750 | Vaults:3 | Bought a scroll of teleportation for 60 gold pieces
 45750 | Vaults:3 | Bought a scroll of enchant armour for 150 gold pieces
 45750 | Vaults:3 | Acquired 1218 gold pieces
 45783 | Vaults:3 | Reached skill level 25 in Axes
 45879 | Vaults:3 | Noticed Frederick
 45908 | Vaults:3 | Killed Frederick
 46946 | Vaults:4 | Reached skill level 12 in Evocations
 47028 | Vaults:4 | Reached skill level 15 in Dodging
 47502 | Vaults:4 | Found Ugeal's Assorted Antiques.
 47508 | Vaults:4 | Bought a potion of curing for 63 gold pieces
 47508 | Vaults:4 | Bought a potion of curing for 63 gold pieces
 47508 | Vaults:4 | Bought a crude wooden ring for 105 gold pieces
 47508 | Vaults:4 | Identified the ring of Qufojoa {Fire Will+ Int+3 Stlth+}
                  | (You bought it in a shop on level 4 of the Vaults)
 47508 | Vaults:4 | Bought 3 scrolls of holy word for 472 gold pieces
 47674 | Vaults:5 | Entered Level 5 of the Vaults
 47681 | Vaults:5 | Reached skill level 19 in Fighting
 47683 | Vaults:5 | Noticed a golden dragon
 47688 | Vaults:5 | Reached skill level 13 in Evocations
 47710 | Vaults:5 | Killed a golden dragon
 47740 | Vaults:5 | Noticed a dread lich
 47761 | Vaults:5 | Killed a dread lich
 47767 | Vaults:5 | Reached XP level 23. HP: 223/234 MP: 11/32
 47801 | Vaults:5 | Reached skill level 14 in Evocations
 47844 | Vaults:5 | Noticed a dread lich
 47877 | Vaults:5 | Killed a dread lich
 47902 | Vaults:5 | Noticed a dread lich
 47907 | Vaults:5 | Noticed an ancient lich
 47916 | Vaults:5 | HP: 34/234 [deep elf annihilator/crystal spear (58)]
 47986 | Vaults:5 | Reached skill level 15 in Evocations
 47992 | Vaults:5 | Reached skill level 16 in Dodging
 48106 | Vaults:5 | Killed a dread lich
 48565 | Vaults:5 | Killed an ancient lich
 48715 | Vaults:5 | Got a silver rune of Zot
 48763 | Vaults:5 | Identified the +4 short sword of Kismet {pain, Int+3}
 48942 | Vaults:5 | Identified the +2 pair of boots "Tifahuapt" {rElec rPois}
 48960 | Vaults:5 | Got the Incunabulum of Malediction and Darkness
 48965 | Vaults:5 | Found the +3 Elemental Staff {rElec rF++ rC++ AC+5}
 48986 | Vaults:5 | Got the Compendium of Poisonous Clay
 49523 | Crypt:1  | Entered Level 1 of the Crypt
 50555 | Crypt:2  | Reached XP level 24. HP: 112/245 MP: 16/32
 50670 | Crypt:2  | HP: 67/367 [??? (52)]
 50674 | Crypt:2  | Reached skill level 17 in Dodging
 50776 | Crypt:2  | Reached skill level 20 in Fighting
 50785 | Crypt:2  | Reached skill level 16 in Evocations
 51319 | Crypt:2  | Noticed Houmnergh's ghost (master GnTm)
 51320 | Crypt:2  | Found a runed translucent gate.
 51321 | Crypt:2  | Found a runed translucent gate.
 51323 | Crypt:2  | Found a runed translucent gate.
 51632 | Crypt:2  | Identified the +5 hunting sling "Sepedate" {freeze, rN+}
 51951 | Crypt:2  | Killed Houmnergh's ghost
 51953 | Crypt:2  | Identified the +0 great mace of Propriety {vamp, rF+ rC+}
 52022 | Crypt:3  | Entered Level 3 of the Crypt
 52058 | Crypt:3  | Found a magical portal.
 52067 | WizLab   | Entered The Roulette of Golubria
 52067 | WizLab   | Found a transporter.
 52071 | WizLab   | Found a corrupted altar of Lugonu.
 52221 | WizLab   | Found a transporter.
 52235 | WizLab   | Found a transporter.
 52251 | WizLab   | Found a transporter.
 52251 | WizLab   | Found a transporter.
 52264 | WizLab   | Found a corrupted altar of Lugonu.
 52278 | WizLab   | Found a transporter.
 52278 | WizLab   | Found a transporter.
 52319 | WizLab   | Found a corrupted altar of Lugonu.
 52320 | WizLab   | Found a transporter.
 52320 | WizLab   | Found a transporter.
 52341 | WizLab   | Found a transporter.
 52341 | WizLab   | Found a transporter.
 52372 | WizLab   | Found a transporter.
 52373 | WizLab   | Found a transporter.
 52373 | WizLab   | Found the +1 cloak of Starlight {*Dazzle EV+4 Stlth--}
 52375 | WizLab   | Found a transporter.
 52401 | WizLab   | Identified the +2 cloak "Voamos" {Harm *Slow Dex+3}
 52410 | WizLab   | Identified the +1 cloak "Ukab Jem" {Stlth+}
 52423 | WizLab   | Found a transporter.
 52423 | WizLab   | Found a transporter.
 52440 | WizLab   | Found a transporter.
 52440 | WizLab   | Found a transporter.
 52481 | WizLab   | Found a transporter.
 52481 | WizLab   | Found a transporter.
 53000 | Crypt:3  | Reached skill level 17 in Evocations
 53416 | Crypt:3  | Reached skill level 18 in Dodging
 53513 | Crypt:3  | Noticed a royal mummy
 53712 | Crypt:3  | Noticed a curse toe
 54121 | Crypt:2  | Killed a royal mummy
 54183 | Crypt:3  | HP: 47/246 [??? (35)]
 54443 | Crypt:2  | Learned a level 5 spell: Yara's Violent Unravelling
 54448 | Crypt:2  | Learned a level 4 spell: Passage of Golubria
 54450 | Crypt:2  | Learned a level 1 spell: Apportation
 54509 | Crypt:3  | Killed a curse toe
 54742 | Crypt:3  | Found a staircase to the Tomb.
 54979 | Crypt:3  | Reached skill level 18 in Evocations
 54988 | Crypt:3  | Found a basalt altar of Yredelemnul.
 54991 | Crypt:3  | Found an ancient bone altar of Kikubaaqudgha.
 55003 | Crypt:3  | Identified the +1 leather armour of Supple Strength {rElec
                  | Will- Slay+2}
 55354 | Depths:1 | Entered Level 1 of the Depths
 55369 | Depths:1 | Found a flickering gateway to a bazaar.
 55378 | Bazaar   | Entered a bazaar
 55378 | Bazaar   | Found Vaebed's Armour Shoppe.
 55393 | Bazaar   | Found Vuw Utac's Antique Weapon Shop.
 55397 | Bazaar   | Found Zymal's Assorted Antiques.
 55408 | Bazaar   | Bought a potion of haste for 290 gold pieces
 55415 | Bazaar   | Bought a masterwork broad axe for 216 gold pieces
 55415 | Bazaar   | Identified the +6 broad axe of Xeruje {drain, Int+8} (You
                  | bought it in a shop in a bazaar)
 55415 | Bazaar   | Bought a warped war axe for 204 gold pieces
 55415 | Bazaar   | Identified the +2 war axe of Ychoagh {vorpal, rC+} (You
                  | bought it in a shop in a bazaar)
 55431 | Bazaar   | Found Wiyxedd's Antique Weapon Boutique.
 55456 | Bazaar   | Bought a shiny helmet for 217 gold pieces
 55477 | Bazaar   | Bought a +1 crystal plate armour for 783 gold pieces
 55817 | Depths:1 | Noticed Mara
 55820 | Depths:1 | Noticed murtidash's illusion
 55866 | Depths:1 | Killed Mara
 55867 | Depths:1 | Reached XP level 25. HP: 215/254 MP: 32/32
 55957 | Depths:1 | Found a gateway to Hell.
 56067 | Depths:1 | Found a one-way gateway to a ziggurat.
 56067 | Depths:1 | Paralysed by a floating eye for 2 turns
 56075 | Depths:1 | Paralysed by a floating eye for 3 turns
 56085 | Depths:1 | Paralysed by a floating eye for 2 turns
 56191 | Depths:2 | Found a one-way gate leading to the halls of Pandemonium.
 56300 | Depths:1 | Found Fenuyrch's Fire Supplies.
 56321 | Depths:1 | Found a snail-covered altar of Cheibriados.
 56472 | Depths:1 | Found Yprih's Jewellery Shoppe.
 56472 | Depths:1 | Found Qot Nuipai's Book Boutique.
 56473 | Depths:1 | Found Niqi's Book Boutique.
 56490 | Depths:1 | Bought a book of Spatial Translocations for 572 gold pieces
 56493 | Depths:1 | Learned a level 2 spell: Blink
 56499 | Depths:1 | Learned a level 5 spell: Manifold Assault
 57221 | Depths:1 | Reached skill level 19 in Dodging
 57221 | Depths:1 | Reached skill level 1 in Translocations
 57226 | Depths:2 | Paralysed by a hornet for 1 turns
 57478 | Depths:2 | Noticed Margery
 57493 | Depths:2 | Killed Margery
 57494 | Depths:2 | Reached skill level 2 in Translocations
 57844 | Depths:2 | Reached skill level 3 in Translocations
 58062 | Depths:2 | Found a basalt altar of Yredelemnul.
 58326 | Depths:3 | Found a one-way gate to the infinite horrors of the Abyss.
 58413 | Depths:3 | Reached skill level 4 in Translocations
 58546 | Depths:3 | Found Gighot's Book Shop.
 58546 | Depths:3 | Found Loify's Magic Scroll Boutique.
 58560 | Depths:3 | Bought a scroll of enchant weapon for 90 gold pieces
 58560 | Depths:3 | Bought a scroll of brand weapon for 240 gold pieces
 58560 | Depths:3 | Bought a scroll of enchant weapon for 90 gold pieces
 58856 | Depths:3 | Found a runed translucent door.
 58868 | Depths:3 | Found a runed translucent door.
 58974 | Depths:3 | Identified the +5 leather armour of Terror {rElec Int+5}
 58991 | Depths:3 | Reached skill level 5 in Translocations
 59122 | Depths:4 | Entered Level 4 of the Depths
 59181 | Depths:4 | Reached skill level 6 in Translocations
 59427 | Depths:4 | Reached skill level 20 in Dodging
 59428 | Depths:4 | Reached skill level 7 in Translocations
 59742 | Depths:4 | Found a gate to the Realm of Zot.
 60694 | Zot:1    | Entered Level 1 of the Realm of Zot
 60724 | Zot:1    | Reached skill level 8 in Translocations
 60777 | Zot:1    | Reached XP level 26. HP: 234/262 MP: 32/32
 60824 | Zot:1    | Reached skill level 9 in Translocations
 61313 | Zot:1    | Reached skill level 10 in Translocations
 61895 | Zot:2    | Noticed an orb of fire
 61900 | Zot:2    | Gained mutation: You are dopey. (Int -2) [an orb of fire]
 61903 | Zot:2    | Gained mutation: You are very dopey. (Int -4) [an orb of
                  | fire]
 61906 | Zot:2    | Killed an orb of fire
 61907 | Zot:2    | Reached skill level 11 in Translocations
 62327 | Zot:2    | Reached skill level 12 in Translocations
 62767 | Zot:3    | Gained mutation: You occasionally shout uncontrollably at
                  | your foes. [mutagenic glow]
 62786 | Zot:3    | Gained mutation: You have hidden genetic defects.
                  | [mutagenic glow]
 62831 | Zot:3    | Gained mutation: You frequently scream uncontrollably at
                  | your foes. [mutagenic glow]
 62930 | Zot:3    | Reached skill level 13 in Translocations
 63082 | Zot:3    | Noticed an orb of fire
 63098 | Zot:3    | Killed an orb of fire
 63099 | Zot:3    | Lost mutation: You frequently scream uncontrollably at your
                  | foes. [potion of mutation]
 63099 | Zot:3    | Lost mutation: You have hidden genetic defects. [potion of
                  | mutation]
 63099 | Zot:3    | Gained mutation: You expend magic power (3 MP) to
                  | strengthen your wands. [potion of mutation]
 63099 | Zot:3    | Gained mutation: You are partially covered in iridescent
                  | scales. (AC +2) [potion of mutation]
 63232 | Zot:3    | Noticed Panuhen's ghost (master DrIE)
 63235 | Zot:3    | Noticed an ancient lich
 63256 | Zot:3    | Found a transporter.
 63260 | Zot:3    | Found a transporter.
 63653 | Zot:4    | Reached skill level 14 in Translocations
 64214 | Zot:4    | Reached XP level 27. HP: 270/270 MP: 32/32
 64255 | Zot:4    | Found a transporter.
 64361 | Zot:4    | Identified the +0 chain mail of the Bulwark {Drain rC+
                  | SInv}
 64614 | Zot:5    | Entered Level 5 of the Realm of Zot
 64703 | Zot:5    | Reached skill level 15 in Translocations
 64794 | Zot:4    | Found a transporter.
 64860 | Zot:4    | Noticed an orb of fire
 64862 | Zot:4    | Noticed an orb of fire
 64872 | Zot:4    | Gained mutation: You frequently scream uncontrollably at
                  | your foes. [an orb of fire]
 64874 | Zot:4    | Gained mutation: You sometimes lose the ability to read
                  | scrolls when taking damage. [an orb of fire]
 64876 | Zot:4    | Killed an orb of fire
 64880 | Zot:4    | Killed an orb of fire
 64913 | Zot:4    | Identified the ring "Awuosecu" {rN+ Will++ Int-3 Dex+8
                  | Slay+4}
 64930 | Zot:4    | Identified the ring "Zotits" {Contam MP+9 Dex+6 Stlth+}
 65015 | Zot:5    | Noticed a dread lich
 65024 | Zot:5    | Killed a dread lich
 65025 | Zot:5    | Reached skill level 4 in Spellcasting
 65105 | Zot:5    | Reached skill level 16 in Translocations
 65159 | Zot:5    | Noticed an orb of fire
 65169 | Zot:5    | Gained mutation: You are clumsy. (Dex -2) [an orb of fire]
 65174 | Zot:5    | Gained mutation: You are very clumsy. (Dex -4) [an orb of
                  | fire]
 65182 | Zot:5    | Killed an orb of fire
 65254 | Zot:5    | Noticed an orb of fire
 65265 | Zot:5    | Found the +4 dragonskin cloak
 65265 | Zot:5    | Noticed Tiamat
 65272 | Zot:5    | Killed an orb of fire
 65273 | Zot:5    | Reached skill level 5 in Spellcasting
 65297 | Zot:5    | Killed Tiamat
 65313 | Zot:5    | Noticed an orb of fire
 65319 | Zot:5    | Noticed a dread lich
 65325 | Zot:5    | Lost mutation: You are robust. (+10% HP) [an orb of fire]
 65336 | Zot:5    | Killed an orb of fire
 65355 | Zot:5    | Killed a dread lich
 65370 | Zot:5    | Reached skill level 6 in Spellcasting
 65370 | Zot:5    | HP: 45/246 [yellow draconian annihilator/crystal
                  | spear[Tiamat] (71)]
 65752 | Zot:5    | Reached skill level 17 in Translocations
 65764 | Zot:5    | Noticed an orb of fire
 65780 | Zot:5    | Killed an orb of fire
 65803 | Zot:5    | Noticed an orb of fire
 65828 | Zot:5    | Killed an orb of fire
 65882 | Zot:5    | Noticed an orb of fire
 65885 | Zot:5    | Lost mutation: You expend magic power (3 MP) to strengthen
                  | your wands. [an orb of fire]
 65891 | Zot:5    | Gained mutation: Your magical capacity is very low. (-20%
                  | MP) [an orb of fire]
 65896 | Zot:5    | Noticed an orb of fire
 65901 | Zot:5    | Killed an orb of fire
 65908 | Zot:5    | Noticed a dread lich
 65913 | Zot:5    | Gained mutation: Your spells are a little easier to cast,
                  | but a little less powerful. [an orb of fire]
 65920 | Zot:5    | Killed an orb of fire
 65927 | Zot:5    | Killed a dread lich
 65928 | Zot:5    | Reached skill level 18 in Translocations
 66126 | Zot:5    | Lost mutation: You are very clumsy. (Dex -4) [potion of
                  | mutation]
 66126 | Zot:5    | Lost mutation: Your spells are a little easier to cast, but
                  | a little less powerful. [potion of mutation]
 66175 | Zot:5    | Got the Orb of Zot
 66718 | D:1      | Lost mutation: Your magical capacity is very low. (-20% MP)
                  | [potion of mutation]
 66718 | D:1      | Lost mutation: Your flesh is cold resistant. (rC+) [potion
                  | of mutation]
 66718 | D:1      | Gained mutation: You have a pair of small antennae on your
                  | head. [potion of mutation]
 66718 | D:1      | Gained mutation: You are strong-willed. (Will+) [potion of
                  | mutation]
 66720 | D:$      | Escaped with the Orb!

Illustrated notes

Levels and vault maps discovered:
D:1:      lemuel_arrival_room, layout_loops_ring, shapermc_ecumenical_altar_gd
D:2:      layout_basic
D:3:      kennysheep_the_goblin_king, layout_loops_cross,
          ebering_ghost_rock_garden
D:4:      layout_basic, portal_sewer_entry_b, nicolae_shop_gadgets
D:5:      layout_rooms, minmay_temple_entry_overgrown, minmay_chambers_of_fives,
          uniq_ijyb
D:6:      layout_loops_ring, uniq_edmund
D:7:      layout_loops_ring, okawaru_altar_gauntlet_db
D:8:      layout_basic, lair_entry_dummy
D:9:      minmay_statue_hallways, layout_basic, nicolae_overflow_squiral,
          orc_0_dummy, gammafunk_ghost_spectres
D:10:     layout_irregular_city
D:11:     layout_basic, small_statue_intersection, nicolae_uskayaw_en_pointe,
          uniq_nergalle
D:12:     layout_roguey, uniq_maurice
D:13:     layout_long_grid, grunt_vaults_entry_fortified
D:14:     kennysheep_room_grid, layout_basic, amethyst_killhole, uniq_louise,
          uniq_snorg, uniq_rupert
D:15:     grunt_enter_depths_hoard, layout_long_grid,
          chequers_serial_rivers_large_b, gauntlet_entry_generic
Temple:   mainiacjoe_temple_bowtie_tessellation
Lair:1:   layout_loops_ring
Lair:2:   layout_misc_corridors, spider_nest_entry_web_field
Lair:3:   layout_cave_shapes, hangedman_lair_generics_rect
Lair:4:   layout_hall_layers, skrybe_swamp_entry_bodies,
          ebering_ghost_inner_flame, grunt_megastairs_3, lemuel_fruit_fields
Lair:5:   layout_small_grid, minmay_slime_entry_oklob_open, lemuel_fruit_fields,
          lemuel_fruit_tree, lemuel_fruit_fields
Lair:6:   hangedman_lair_caniforms_friends, layout_loops_ring, wormcave,
          nicolae_lair_liquid_snakes
Swamp:1:  nicolae_swamp_tree_isthmus, layout_basic_swamp, serial_swamp_ruin,
          evilmike_swamp_ruin_house_1, evilmike_swamp_ruin_house_5,
          hangedman_swamp_ruin_wall, uniq_jorgrun, uniq_frances
Swamp:2:  nicolae_swamp_long_stream, layout_basic_swamp,
          nicolae_swamp_ascending_descending
Swamp:3:  layout_basic_swamp, evilmike_swamp_ruin_house_2, swamp_pool5
Swamp:4:  swamp_vile, layout_basic_swamp, infiniplex_staircase_pool, uniq_aizul
Spider:1: layout_spider_delve, uniq_josephine
Spider:2: layout_spider_delve, ebering_ghost_reflecting_pool,
          portal_ice_cave_entry_pillars_four
Spider:3: layout_cave_pods
Spider:4: grunt_spider_rune_circles
Slime:1:  layout_caves, nicolae_slime_phagocytosis
Orc:1:    layout_diamond_mine, uniq_fannar
Orc:2:    st_orc_congregation, layout_diamond_mine, basic_altar, serial_shops,
          nicolae_shop_behind_doors, nicolae_orc_lava_tube, uniq_nessos
Elf:1:    eino_elf_arrival_customs, layout_geoelf_octagon,
          hangedman_elven_crosses_minicolossus, uniq_asterion
Elf:2:    nicolae_elf_blades_crystal_corner, layout_loops_corners,
          nicolae_elf_loose_elemental_storage, uniq_agnes
Elf:3:    minmay_elf_hall, layout_rooms
Vaults:1: v_misc_15, nicolae_vaults_mini_display_case, v_pattern_1, v_misc_5,
          ontoclasm_vaults_bender, ontoclasm_vaults_tryst, vaults_room_pool,
          nicolae_vaults_quartermaster, ontoclasm_vaults_fault,
          nicolae_vaults_alarming, nicolae_vaults_rhombus_6,
          layout_vaults_omnigrid, serial_shops, shop, shop,
          nicolae_shop_statue_plus, shop
Vaults:2: vaults_room_octagon, ontoclasm_vaults_gateway,
          minmay_crypt_entry_necro_gods, hangedman_vaults_slice,
          grunt_vaults_hallway_short, layout_vaults_big_room
Vaults:3: special_room_vaults [special_room_orc],
          nicolae_vaults_little_squares_3, v_misc_19, grunt_vaults_trifunnel,
          vaults_mumra_hex, nicolae_vaults_network_barrier, vaults_room_pools,
          ontoclasm_vaults_ring_square, v_misc_27, v_misc_26,
          hangedman_vaults_capsules, nicolae_vaults_little_squares_2,
          vaults_dpeg_hooks, nicolae_vaults_little_squares_1,
          layout_vaults_omnibox, serial_shops, shop, serial_glass,
          uniq_frederick, uniq_bai_suzhen, uniq_saint_roka
Vaults:4: nicolae_vaults_yaktaur_gun_rack, nicolae_vaults_theta,
          vaults_standard_mumra_x, ontoclasm_vaults_ligature,
          nicolae_vaults_triangles, v_misc_31, hangedman_vaults_locks,
          hangedman_vaults_pinch, ontoclasm_vaults_shuriken, vaults_mumra_lcd,
          ontoclasm_vaults_ring_square, layout_vaults_maze_bifur, serial_shops,
          shop
Vaults:5
Crypt:1:  layout_misc_corridors, grunt_crypt_arrival_split
Crypt:2:  layout_gridlike, gammafunk_ghost_split, serial_sigils_hangedman_gnaw,
          nicolae_elevator_lobby_asterisk, grunt_megastairs_5
Crypt:3:  lightli_unholy_cathedral, layout_chaotic_city,
          nicolae_tomb_entry_unfolded_pyramid_orthogonal, mu_enter_wizlab_3
Depths:1: layout_big_octagon, enter_ziggurat_d,
          hangedman_abyss_or_decor_jellyfish_corner, serial_shops,
          bzr_entry_water, hell_entry, chequers_serial_rivers_large_a,
          grunt_decor_clamped, minmay_misc_feat_room, nicolae_shop_fire_sale
          [nicolae_sub_dead_trees], chequers_serial_rivers_small_b,
          slow_altar_2, minmay_shop_grove, uniq_mara
Depths:2: minmay_angry_zag, layout_small_grid, chequers_serial_rivers_room_a,
          rand_demon_pan_entry_3, grunt_metal_band,
          nicolae_concentric_dashed_squares_mild, minmay_misc_feat_five,
          lemuel_zombie_altar_yredelemnul, infiniplex_staircase_pillars_3a
Depths:3: thingy_vault_2, layout_basic, serial_bayou_lagoon_a,
          hangedman_coc_ice_floe, minmay_room_of_horrors, minmay_shoptagon,
          serial_bayou_shore_b, infiniplex_staircase_trident
Depths:4: grunt_twist_and_shout, layout_gridville, pf_hell_entry_tar_spiral,
          minmay_misc_feat_cross, serial_bayou_shore_b
Zot:1:    layout_cellular_growth
Zot:2:    layout_twisted_circle, hangedman_zot_decor_scrapings, zot_minivault_6
Zot:3:    kennysheep_bubbly, layout_onion, gammafunk_ghost_mausoleum
Zot:4:    gammafunk_its_a_trap, layout_concentric_octagons
Zot:5:    layout_gridlike, uniq_tiamat

Skill      XL: |  1  2  3  4  5  6  7  8  9 10 11 12 13 14 15 16 17 18 19 20 21 22 23 24 25 26 27 |
---------------+----------------------------------------------------------------------------------+-----
Axes           | 3 5 6 7 8 11 14 15 16 18 20 21 22 23 24 25 | 25.0
Fighting       | 4 5 6 7 8 10 11 12 14 15 16 17 19 20 | 20.0
Armour         | 1 3 4 5 6 8 9 10 12 14 15 16 18 19 20 | 20.0
Dodging        | 3 5 6 8 9 10 11 12 13 14 15 16 18 20 | 20.0
Invocations    | 4 6 8 10 11 12 14 15 16 17 18 | 18.0
Evocations     | 2 6 8 9 11 13 15 18 | 18.0
Spellcasting   | 2 3 6 |  6.8
Crossbows      | 3 5 7 8 9 |  9.8
Translocations | 8 14 18 | 18.5
Stealth        | |  4.1

Action                   |  1- 3 |  4- 6 |  7- 9 | 10-12 | 13-15 | 16-18 | 19-21 | 22-24 | 25-27 || total
-------------------------+-------+-------+-------+-------+-------+-------+-------+-------+-------++-------
Melee: Hand axe          |   117 |   103 |   393 |       |       |       |       |       |       ||   613
       Punch             |     1 |     3 |     2 |       |       |       |       |       |       ||     6
       Battleaxe         |       |       |    76 |   361 |  1116 |  1201 |   900 |  1509 |       ||  5163
       Scimitar          |       |       |       |       |       |    16 |       |       |       ||    16
       Executioner's axe |       |       |       |       |       |       |   631 |   438 |  1505 ||  2574
 Fire: Arbalest          |       |       |       |       |       |    11 |       |       |       ||    11
Throw: Javelin           |       |       |       |       |       |       |       |       |     4 ||     4
Invok: Elemental Force   |       |       |       |     3 |     2 |       |       |       |       ||     5
       Upheaval          |       |       |       |       |     3 |       |     1 |       |     2 ||     6
       Disaster Area     |       |       |       |       |       |     2 |     1 |    12 |     4 ||    19
Evoke: Wand              |       |       |       |     7 |    32 |       |     3 |       |     1 ||    43
       Condenser vane    |       |       |       |       |     1 |     1 |       |     3 |       ||     5
       Box of beasts     |       |       |       |       |       |     1 |       |       |       ||     1
       Phantom mirror    |       |       |       |       |       |       |     1 |       |       ||     1
       Lightning rod     |       |       |       |       |       |       |       |     1 |       ||     1
  Use: Potion            |     1 |     3 |     1 |     1 |     6 |     3 |     3 |    12 |    25 ||    55
       Scroll            |     1 |     5 |     9 |     9 |    13 |     5 |     7 |    21 |    14 ||    84
 Stab: Sleeping          |    11 |       |       |       |       |       |       |       |       ||    11
       Invisible         |       |       |       |       |    10 |       |       |     1 |    40 ||    51
       Held in net/web   |       |       |       |       |       |     1 |       |       |       ||     1
       Distracted        |       |       |       |       |       |       |     1 |       |       ||     1
       Confused          |       |       |       |       |       |       |       |       |     1 ||     1
Armor: Leather armour    |    64 |    32 |    83 |    93 |   195 |       |       |       |       ||   467
       Plate armour      |       |       |   121 |    78 |   207 |   917 |   723 |  1012 |       ||  3058
       Crystal plate arm |       |       |       |       |       |       |       |    27 |   729 ||   756
Dodge: Dodged            |    83 |    48 |   195 |   285 |   699 |   999 |   739 |   789 |   867 ||  4704
       Repelled          |       |       |       |       |    21 |    18 |    26 |    11 |    45 ||   121
Block: Other             |       |     6 |    34 |   100 |   360 |   528 |   444 |   527 |   374 ||  2373
       Orb               |       |       |    20 |       |       |       |       |       |       ||    20

Table legend: (Time is in decaauts)
 A = Elapsed time spent in this place.
 B = Non-inter-level travel time spent in this place.
 C = Inter-level travel time spent in this place.
 D = Time resting spent in this place.
 E = Time spent auto-exploring this place.
 F = Levels seen in this place.
 G = Mean time per level.
                   A        B        C        D        E       F      G
               +--------+--------+--------+--------+--------+-----+--------+
         Total |  64883 |  58398 |   6485 |   4701 |  38538 |  57 | 1138.3 |
       Dungeon |  18136 |  15998 |   2138 |    835 |  12438 |  15 | 1209.1 |
        Temple |    376 |    352 |     24 |    119 |    204 |   1 |  376.0 |
          Lair |   9370 |   8510 |    860 |   1077 |   5360 |   6 | 1561.7 |
         Swamp |   2642 |   2466 |    176 |     44 |   1788 |   4 |  660.5 |
   Spider Nest |   3186 |   3043 |    143 |      6 |   2373 |   4 |  796.5 |
    Slime Pits |      7 |      7 |      0 |      0 |      0 |   1 |    7.0 |
  Orcish Mines |   4134 |   3503 |    631 |   1248 |   1590 |   2 | 2067.0 |
   Elven Halls |   3302 |   2895 |    407 |     16 |   1646 |   3 | 1100.7 |
        Vaults |   7387 |   6357 |   1030 |     38 |   4286 |   5 | 1477.4 |
         Crypt |   4574 |   4397 |    177 |    776 |   2275 |   3 | 1524.7 |
        Depths |   4119 |   3737 |    382 |    103 |   2829 |   4 | 1029.8 |
           Zot |   5285 |   4772 |    513 |    331 |   2787 |   5 | 1057.0 |
        Bazaar |    172 |    172 |      0 |      0 |     49 |   1 |  172.0 |
      Ice Cave |    449 |    449 |      0 |      0 |    197 |   1 |  449.0 |
        Wizlab |    860 |    860 |      0 |     82 |    255 |   1 |  860.0 |
      Gauntlet |    877 |    877 |      0 |     24 |    458 |   1 |  877.0 |
               +--------+--------+--------+--------+--------+-----+--------+

Top non-repeatable levels by time:
   Orc:1: 2665 daAuts
 Crypt:2: 2006 daAuts
  Lair:6: 1883 daAuts
  Lair:5: 1876 daAuts
Vaults:3: 1784 daAuts
     D:2: 1689 daAuts
Vaults:5: 1639 daAuts
  Lair:4: 1621 daAuts
Vaults:1: 1505 daAuts
   Orc:2: 1469 daAuts
 Crypt:3: 1455 daAuts
     D:5: 1450 daAuts
Vaults:4: 1444 daAuts
  Lair:1: 1437 daAuts
     D:9: 1435 daAuts

Table legend:
 A = Kills in this place as a percentage of kills in entire the game.
 B = Kills by you in this place as a percentage of kills by you in the entire game.
 C = Kills by friends in this place as a percentage of kills by friends in the entire game.
 D = Other kills in this place as a percentage of other kills in the entire game.
 E = Experience gained in this place as a percentage of experience gained in the entire game.
 F = Experience gained in this place divided by the number of levels of this place that you have seen.
                   A       B       C       D       E      F
               +-------+-------+-------+-------+-------+----------------------
         Total | 100.0 | 100.0 | 100.0 | 100.0 | 100.0 | 25616.0
       Dungeon |  14.6 |  14.5 |  40.0 |   9.1 |   4.5 | 4367.1
          Lair |  12.9 |  12.8 |  40.0 |   0.0 |   6.7 | 16216.0
         Swamp |   4.6 |   4.5 |   0.0 |  27.3 |   4.5 | 16264.8
   Spider Nest |   8.6 |   8.6 |   0.0 |   9.1 |   5.8 | 21313.5
    Slime Pits |   0.1 |   0.1 |   0.0 |   0.0 |   0.0 | 536.0
  Orcish Mines |   5.6 |   5.7 |   0.0 |   0.0 |   1.3 | 9631.0
   Elven Halls |   6.8 |   6.8 |  10.0 |   9.1 |   7.9 | 38567.7
        Vaults |  17.6 |  17.8 |   0.0 |   0.0 |  22.9 | 66761.6
         Crypt |   7.7 |   7.7 |   0.0 |  18.2 |   8.8 | 42599.3
        Depths |   6.8 |   6.9 |   0.0 |   0.0 |   9.4 | 34291.2
           Zot |  10.6 |  10.5 |  10.0 |  27.3 |  25.6 | 74730.4
      Ice Cave |   2.1 |   2.1 |   0.0 |   0.0 |   1.2 | 18159.0
        Wizlab |   1.5 |   1.6 |   0.0 |   0.0 |   1.2 | 17299.0
      Gauntlet |   0.5 |   0.5 |   0.0 |   0.0 |   0.2 | 3615.0
               +-------+-------+-------+-------+-------+----------------------
